[Event "Titled Tuesday Blitz January 10 Early 2023"]
[White "Simonovic, Miroslav"]
[Black "Stanojevic, Ilija"]
[WhiteFideId "919152"]
[BlackFideId "959995"]
[WhiteElo "2082"]
[BlackElo "2142"]
[Result "1/2-1/2"]
[Round "03"]
[TimeControl "180+2"]
[Date "2023.01.10"]
[WhiteClock "0:00:18"]
[BlackClock "0:00:08"]

1. d4 d5 2. Bg5 c5 3. c3 Nc6 4. e3 Qb6 5. Qc2 Nf6 6. Bxf6 gxf6 7. Nd2 Bg4 8. g3 Bh5 9. Bg2 Bg6 10. Qb3 e6 11. Ne2 Bd6 12. O-O c4 13. Qxb6 axb6 14. e4 Ne7 15. f4 b5 16. g4 h5 17. f5 Bh7 18. h3 hxg4 19. hxg4 Kd7 20. a4 b4 21. exd5 exd5 22. Nf4 Rag8 23. Nxd5 Nxd5 24. Bxd5 Rxg4+ 25. Kf2 Re8 26. Nxc4 Rf4+ 27. Bf3 Bxf5 28. Nxd6 Kxd6 29. Rae1 Rg8 30. Ke3 Rh4 31. Bxb7 Be6 32. Rxf6 bxc3 33. bxc3 Ke7 34. Ref1 Rb8 35. d5 Rxb7 36. dxe6 Rh3+ 37. Kd4 Rb8 38. exf7 Kf8 39. Re1 Rh4+ 40. Kd3 Rxa4 41. Re8+ Rxe8 42. fxe8=Q+ Kxe8 43. Rd6 Ke7 44. Rd4 Rxd4+ 45. Kxd4 Kd6 46. Kc4 Kc6 47. Kb4 Kb6 48. c4 Kc6 49. Kc3 Kc5 50. Kd3 Kc6 51. Kd4 Kd6 52. c5+ Kc6 53. Kc4 Kc7 54. Kb5 Kb7 55. c6+ Kc7 56. Kc5 Kc8 57. Kd5 Kc7 58. Kc5 Kc8 59. Kb6 Kb8 60. c7+ Kc8 61. Kc6 1/2-1/2


[Site "https://www.chess.com"]

[Event "Titled Tuesday Blitz January 10 Early 2023"]
[White "Rosh Jain"]
[Black "Wahedi, Ahmad Siar"]
[WhiteFideId "25789465"]
[BlackFideId "4651260"]
[WhiteElo "2248"]
[BlackElo "2274"]
[Result "0-1"]
[Round "03"]
[TimeControl "180+2"]
[Date "2023.01.10"]
[WhiteClock "0:00:02"]
[BlackClock "0:01:07"]

1. e4 e6 2. d4 d5 3. Nc3 Bb4 4. exd5 exd5 5. Qf3 c6 6. Bd3 Qf6 7. Bf4 Be6 8. Ne2 Nd7 9. Kd1 h6 10. h4 Ne7 11. Kd2 Ng6 12. Rae1 Nxh4 13. Qg3 Nf5 14. Bxf5 Qxf5 15. Qxg7 O-O-O 16. Qg3 Rdg8 17. Qf3 h5 18. Ng3 Qg4 19. Qxg4 Rxg4 20. Nxh5 Rxh5 21. Rxh5 Rxf4 22. f3 Rxd4+ 23. Ke3 Bc5 24. Ke2 Nf6 25. Rh8+ Kc7 26. a3 Rc4 27. Kd2 Bd4 28. g4 Nd7 29. Rh5 Bxc3+ 30. bxc3 Nc5 31. Rhe5 Na4 32. g5 Rxc3 33. f4 Rf3 34. g6 Rxf4 35. Rg5 fxg6 0-1


[Site "https://www.chess.com"]

[Event "Titled Tuesday Blitz January 10 Early 2023"]
[White "Mogirzan, Matei-Valeriu"]
[Black "Souza, Gustavo Horokoski De"]
[WhiteFideId "1257455"]
[BlackFideId "2146584"]
[WhiteElo "1813"]
[BlackElo "1943"]
[Result "1-0"]
[Round "03"]
[TimeControl "180+2"]
[Date "2023.01.10"]
[WhiteClock "0:01:13"]
[BlackClock "0:01:10"]

1. e4 e6 2. d4 d5 3. Nd2 Nc6 4. c3 e5 5. exd5 Qxd5 6. dxe5 Qxe5+ 7. Be2 Nf6 8. Ngf3 Qh5 9. Nd4 Qc5 10. N2b3 Qd6 11. O-O Nxd4 12. Nxd4 Bd7 13. Qb3 c5 14. Nb5 Qb6 15. Bf4 Rc8 16. Rfe1 Be6 17. Qa4 Qc6 18. Bf3 Nd5 19. Bxd5 1-0


[Site "https://www.chess.com"]

[Event "Titled Tuesday Blitz January 10 Early 2023"]
[White "Kovacevic, Radmila"]
[Black "Saya, Ethan"]
[WhiteFideId "933171"]
[BlackFideId "26095181"]
[WhiteElo "2106"]
[BlackElo "2181"]
[Result "1-0"]
[Round "03"]
[TimeControl "180+2"]
[Date "2023.01.10"]
[WhiteClock "0:00:57"]
[BlackClock "0:02:11"]

1. e4 e6 2. d4 d5 3. Nc3 Nf6 4. exd5 exd5 5. Bd3 c5 6. dxc5 Bxc5 7. Nge2 Nc6 8. O-O O-O 9. Bg5 h6 10. Bxf6 Qxf6 11. Nxd5 Qxb2 12. c3 Ne5 13. Bc2 Be6 14. Rb1 Qa3 15. Nef4 Bxd5 16. Qxd5 Nc6 17. Rxb7 Ne7 18. Qe4 f5 19. Qe6+ Kh8 20. Rxe7 Bxe7 21. Ng6+ Kh7 22. Nxe7 Qxc3 23. Bxf5+ Rxf5 24. Qxf5+ Kh8 25. Ng6+ Kg8 26. Qd5+ Kh7 27. Qxa8 Kxg6 28. Qxa7 Qd4 29. Qxd4 1-0


[Site "https://www.chess.com"]

[Event "Titled Tuesday Blitz January 10 Early 2023"]
[White "Nikologorsky, Matfei"]
[Black "Johnson, Ben"]
[WhiteFideId "24102474"]
[BlackFideId "2010917"]
[WhiteElo "2182"]
[BlackElo "1961"]
[Result "1-0"]
[Round "03"]
[TimeControl "180+2"]
[Date "2023.01.10"]
[WhiteClock "0:01:46"]
[BlackClock "0:00:02"]

1. e4 c5 2. Nf3 Nc6 3. d4 cxd4 4. Nxd4 Nf6 5. Nc3 e5 6. Ndb5 d6 7. Bg5 a6 8. Na3 b5 9. Bxf6 gxf6 10. Nd5 Bg7 11. g3 f5 12. Bg2 fxe4 13. Bxe4 Rb8 14. c3 O-O 15. Nc2 f5 16. Bg2 Ne7 17. Ncb4 Bb7 18. O-O Kh8 19. a4 a5 20. Nxe7 Bxg2 21. Kxg2 Qxe7 22. Nc6 Qb7 23. axb5 Qxb5 24. Nxb8 Qxb8 25. Rxa5 e4 26. Qd2 Be5 27. Rfa1 f4 28. Ra8 f3+ 29. Kh3 Qxa8 30. Rxa8 Rxa8 31. Qd5 Rb8 32. Qxe4 Rxb2 33. Qxf3 1-0


[Site "https://www.chess.com"]

[Event "Titled Tuesday Blitz January 10 Early 2023"]
[White "Fajdetic, Hrvoje"]
[Black "Kaminski, Victor"]
[WhiteFideId "14501945"]
[BlackFideId "1131630"]
[WhiteElo "2151"]
[BlackElo "2247"]
[Result "1/2-1/2"]
[Round "03"]
[TimeControl "180+2"]
[Date "2023.01.10"]
[WhiteClock "0:00:16"]
[BlackClock "0:00:12"]

1. d4 Nf6 2. Bf4 c5 3. d5 e6 4. Nc3 d6 5. e4 exd5 6. exd5 Be7 7. Be2 O-O 8. Nf3 a6 9. a4 Bf5 10. O-O Nbd7 11. Nd2 Re8 12. Nc4 Nf8 13. h3 Ng6 14. Bh2 Ne4 15. Nxe4 Bxe4 16. Bf3 Bf5 17. Bg4 Bxg4 18. Qxg4 b5 19. axb5 axb5 20. Rxa8 Qxa8 21. Nxd6 Bxd6 22. Bxd6 Qxd5 23. Rd1 Qc6 24. c4 bxc4 25. Bg3 c3 26. bxc3 h6 27. h4 Re4 28. Rd8+ Kh7 29. Qf5 Qe6 30. Qxe6 fxe6 31. Rd6 Nxh4 32. Bxh4 Rxh4 33. Rxe6 Rc4 34. Re3 Ra4 35. Kf1 Ra2 36. Re5 Rc2 37. Rxc5 g5 38. g4 Kg6 39. Kg2 Kg7 40. Kf3 Kg6 41. Ke3 Kg7 42. f3 Kg6 43. Kd3 Rf2 44. Rf5 h5 45. f4 Rxf4 46. Rxf4 gxf4 47. gxh5+ Kxh5 48. c4 Kg4 49. Ke2 f3+ 50. Kf2 Kf4 51. c5 Ke5 52. Kxf3 Kd5 53. Kg2 Kxc5 1/2-1/2


[Site "https://www.chess.com"]

[Event "Titled Tuesday Blitz January 10 Early 2023"]
[White "Tuleyeva-Aketayeva, Dana"]
[Black "Carrasco Miranda, Andres"]
[WhiteFideId "13701932"]
[BlackFideId "3405990"]
[WhiteElo "2130"]
[BlackElo "2240"]
[Result "1-0"]
[Round "03"]
[TimeControl "180+2"]
[Date "2023.01.10"]
[WhiteClock "0:01:00"]
[BlackClock "0:00:25"]

1. d4 Nf6 2. Nf3 g6 3. g3 Bg7 4. Bg2 O-O 5. O-O d6 6. c4 Nc6 7. Nc3 a6 8. e4 e5 9. dxe5 dxe5 10. Bg5 Bg4 11. Qxd8 Raxd8 12. Nd5 Rd6 13. c5 Rxd5 14. exd5 Nxd5 15. h3 Bc8 16. Nd2 Be6 17. a3 f6 18. Bxd5 Bxd5 19. Be3 f5 20. f3 f4 21. gxf4 exf4 22. Bf2 Bxb2 23. Rab1 Bxa3 24. Rxb7 Ne5 25. Rxc7 Nxf3+ 26. Nxf3 Bxf3 27. Bd4 Bd5 28. Rg7+ Kh8 29. Rd7+ 1-0


[Site "https://www.chess.com"]

[Event "Titled Tuesday Blitz January 10 Early 2023"]
[White "Liu, Casper"]
[Black "Kiseleva, Arina"]
[WhiteFideId "1454153"]
[BlackFideId "4164989"]
[WhiteElo "2278"]
[BlackElo "1962"]
[Result "1-0"]
[Round "03"]
[TimeControl "180+2"]
[Date "2023.01.10"]
[WhiteClock "0:00:53"]
[BlackClock "0:00:02"]

1. e4 c6 2. Nc3 d5 3. Qe2 d4 4. Nd1 c5 5. d3 Nc6 6. f4 e5 7. f5 Bd6 8. Nf3 Qc7 9. g4 f6 10. h4 Bd7 11. Bg2 O-O-O 12. a3 g6 13. Bd2 h5 14. gxh5 gxh5 15. b4 cxb4 16. Nb2 bxa3 17. Nc4 Bb4 18. Bxb4 Nxb4 19. Qd2 Nc6 20. Rxa3 Nh6 21. O-O Rhg8 22. Rfa1 Ng4 23. Rxa7 Nxa7 24. Rxa7 Bc6 25. Qb4 Kd7 26. Kh1 Ne3 27. Bh3 Rg3 28. Ncxe5+ fxe5 29. f6+ Rxh3+ 30. Kg1 Rxf3 31. Qe7+ Kc8 32. Ra8+ Qb8 33. Rxb8+ Kxb8 34. Qxd8+ Ka7 35. Qa5+ Kb8 36. Qxe5+ Ka8 37. Qa5+ Kb8 38. Qd8+ Ka7 39. Qxd4+ Ka8 40. Qd8+ Ka7 41. Qa5+ Kb8 42. Qe5+ Ka8 43. Qa5+ Kb8 44. Kh2 Ng4+ 45. Kg2 Rxf6 46. Qxh5 Ne3+ 47. Kg3 Nf1+ 48. Kg2 Ne3+ 49. Kg1 1-0


[Site "https://www.chess.com"]

[Event "Titled Tuesday Blitz January 10 Early 2023"]
[White "Baruch, Liam"]
[Black "Nugumanov, Bakhtiyar"]
[WhiteFideId "14322064"]
[BlackFideId "13701797"]
[WhiteElo "1718"]
[BlackElo "2316"]
[Result "0-1"]
[Round "03"]
[TimeControl "180+2"]
[Date "2023.01.10"]
[WhiteClock "0:00:53"]
[BlackClock "0:00:53"]

1. e4 d6 2. d4 Nf6 3. Nc3 e5 4. Nf3 exd4 5. Nxd4 Be7 6. Bd3 O-O 7. O-O c6 8. Be3 b5 9. a3 a5 10. f4 Ng4 11. Bd2 Qb6 12. Ne2 c5 13. h3 Nf6 14. Be3 cxd4 15. Bxd4 Qb7 16. Ng3 Nc6 17. Bc3 b4 18. axb4 axb4 19. Bd2 Qb6+ 20. Kh1 Rxa1 21. Qxa1 Be6 22. Qe1 Qd4 23. e5 dxe5 24. fxe5 Qxe5 25. Qf2 Bc5 26. Qf4 Qxf4 27. Bxf4 Nd5 28. Bd2 Ne5 29. Be4 Rd8 30. Bc1 Nf6 31. Bf3 Bc4 32. Re1 Nxf3 33. gxf3 Bf2 0-1


[Site "https://www.chess.com"]

[Event "Titled Tuesday Blitz January 10 Early 2023"]
[White "Larina, Maria"]
[Black "Tworuszka, Michal"]
[WhiteFideId "24113182"]
[BlackFideId "1117858"]
[WhiteElo "1948"]
[BlackElo "2260"]
[Result "1-0"]
[Round "03"]
[TimeControl "180+2"]
[Date "2023.01.10"]
[WhiteClock "0:00:05"]
[BlackClock "0:00:01"]

1. e4 c5 2. Nc3 Nc6 3. g3 g6 4. Bg2 Bg7 5. Nge2 d6 6. d3 Nf6 7. O-O O-O 8. f4 a6 9. a4 Rb8 10. h3 Bd7 11. g4 Ne8 12. f5 b5 13. axb5 axb5 14. g5 Be5 15. Bf4 Nc7 16. Bxe5 Nxe5 17. Nf4 b4 18. Ncd5 Nxd5 19. Nxd5 Bc6 20. f6 Bxd5 21. exd5 exf6 22. gxf6 Nd7 23. Qf3 Kh8 24. Qf4 Ne5 25. Ra7 Rg8 26. Re7 b3 27. c3 Qf8 28. Rxe5 dxe5 29. Qxe5 Rd8 30. c4 Qd6 31. Qg5 Rde8 32. Qg4 Re5 33. d4 cxd4 34. Qxd4 Rge8 35. c5 Qa6 36. d6 Re2 37. d7 Rd8 38. c6 Rxg2+ 39. Kxg2 Qxc6+ 40. Kh2 Qxd7 41. Qe5 Qd6 42. Re1 Qxe5+ 43. Rxe5 Rb8 44. Re7 Kg8 45. Kg3 Kf8 46. Kf4 h6 47. Rc7 Rb4+ 48. Ke5 Rb8 49. Kd6 Ke8 50. Kc5 Kf8 51. Kc4 g5 52. Ra7 h5 53. Ra3 Rc8+ 54. Kd3 1-0


[Site "https://www.chess.com"]

[Event "Titled Tuesday Blitz January 10 Early 2023"]
[White "Stead, Kerry"]
[Black "Gatterer, Florian"]
[WhiteFideId "3202577"]
[BlackFideId "811688"]
[WhiteElo "1908"]
[BlackElo "2170"]
[Result "0-1"]
[Round "03"]
[TimeControl "180+2"]
[Date "2023.01.10"]
[WhiteClock "0:00:52"]
[BlackClock "0:00:59"]

1. d4 Nf6 2. f3 d5 3. e4 dxe4 4. Nc3 e3 5. Bxe3 Bf5 6. Bc4 e6 7. Nge2 Bb4 8. h4 h5 9. a3 Ba5 10. Bg5 Bxc3+ 11. Nxc3 Qd6 12. Qd2 Qg3+ 13. Kd1 Qd6 14. Bxf6 gxf6 15. Ne4 Bxe4 16. fxe4 Nc6 17. c3 Rg8 18. Kc2 Na5 19. Bd3 Qc6 20. b3 f5 21. Rae1 O-O-O 22. Kb2 fxe4 0-1


[Site "https://www.chess.com"]

[Event "Titled Tuesday Blitz January 10 Early 2023"]
[White "Qashashvili, Alexandre"]
[Black "Flis, Pawel"]
[WhiteFideId "13600842"]
[BlackFideId "1112864"]
[WhiteElo "2505"]
[BlackElo "1879"]
[Result "0-1"]
[Round "03"]
[TimeControl "180+2"]
[Date "2023.01.10"]
[WhiteClock "0:00:07"]
[BlackClock "0:00:33"]

1. e4 c5 2. Nc3 d6 3. Nf3 Nf6 4. d4 cxd4 5. Nxd4 a6 6. Bd3 e5 7. Nf3 Be7 8. O-O h6 9. h3 Be6 10. Be3 Nbd7 11. a3 b5 12. Qd2 O-O 13. Rad1 Rc8 14. Ne2 Nb6 15. c3 Nc4 16. Qc1 Nxe3 17. Qxe3 Bb3 18. Rd2 Qc7 19. Nc1 Bc4 20. Bxc4 Qxc4 21. Re1 Rfe8 22. Nd3 a5 23. Nh4 Bf8 24. Nf5 Kh7 25. Nc1 d5 26. exd5 Nxd5 27. Qd3 Nf4 28. Qxc4 bxc4 29. Rd7 Kg8 30. Red1 Rb8 31. R1d2 g6 32. Nd6 Bxd6 33. R7xd6 Kg7 34. h4 h5 35. Rc6 Rbc8 36. Ra6 Ra8 37. Rdd6 Rxa6 38. Rxa6 Rb8 39. g3 Nd3 40. Nxd3 cxd3 41. Rxa5 Rd8 42. Rxe5 d2 43. Rd5 Rxd5 44. Kg2 d1=Q 45. g4 hxg4 46. Kg3 Qf3+ 47. Kh2 Qxf2+ 0-1


[Site "https://www.chess.com"]

[Event "Titled Tuesday Blitz January 10 Early 2023"]
[White "Brizzi, Milagros Tatiana"]
[Black "Jimenez, Joaquin"]
[WhiteFideId "128350"]
[BlackFideId "109860"]
[WhiteElo "2110"]
[BlackElo "2195"]
[Result "0-1"]
[Round "03"]
[TimeControl "180+2"]
[Date "2023.01.10"]
[WhiteClock "0:00:02"]
[BlackClock "0:00:46"]

1. e4 e5 2. Nf3 Nc6 3. d4 exd4 4. Nxd4 Nf6 5. Nc3 Bb4 6. Nxc6 bxc6 7. Bd3 d5 8. exd5 Qe7+ 9. Qe2 cxd5 10. Qxe7+ Kxe7 11. O-O Be6 12. Bf4 c6 13. a3 Bd6 14. Bxd6+ Kxd6 15. b4 a5 16. Na4 axb4 17. axb4 Nd7 18. f4 g6 19. h3 h5 20. f5 gxf5 21. Nc3 Rxa1 22. Rxa1 Rb8 23. b5 c5 24. Ra6+ Ke5 25. Rc6 c4 26. Be2 h4 27. Kf2 Kd4 28. Nd1 Rxb5 29. Ne3 Rb2 30. Rc7 f4 31. c3+ Ke5 32. Ng4+ Kd6 33. Rc8 Nc5 34. Rd8+ Ke7 35. Rh8 Ne4+ 36. Ke1 Nxc3 37. Bf3 Bxg4 38. hxg4 d4 39. g5 d3 40. Rc8 d2+ 0-1


[Site "https://www.chess.com"]

[Event "Titled Tuesday Blitz January 10 Early 2023"]
[White "Balint, Vilmos"]
[Black "Better_Chess_Faster"]
[WhiteFideId "718050"]
[WhiteElo "2169"]
[BlackElo "2043"]
[Result "1-0"]
[Round "03"]
[TimeControl "180+2"]
[Date "2023.01.10"]
[WhiteClock "0:00:37"]
[BlackClock "0:00:02"]

1. e4 e5 2. f4 exf4 3. Bc4 Qh4+ 4. Kf1 Bc5 5. d4 Bb6 6. Nf3 Qh6 7. Nc3 Nc6 8. Ne2 g5 9. h4 g4 10. Bxf4 Qf6 11. e5 Qf5 12. Bd3 Qe6 13. Ng5 Qd5 14. c4 Qa5 15. c5 Bxc5 16. dxc5 Qxc5 17. Rc1 Qb6 18. Bc4 Nh6 19. Ne4 Nf5 20. Nf6+ Kd8 21. Qd3 Ncd4 22. Nxd4 Qxd4 23. Qxf5 d5 24. Qg5 h6 25. Qg7 Qxf4+ 26. Ke2 Qxe5+ 27. Kd2 Qxb2+ 28. Rc2 Qd4+ 29. Bd3 Qb4+ 30. Kc1 Qa3+ 31. Kb1 Re8 32. Nxe8 Qxd3 33. Qf6+ Kxe8 34. Re1+ Be6 35. Qh8+ Kd7 36. Qxa8 Qb5+ 37. Ka1 d4 38. Qxa7 Qb4 39. Rd1 c5 40. Qxc5 Qxc5 41. Rxc5 Kd6 42. Rh5 b6 43. Rxd4+ Kc6 44. Rxh6 b5 45. Rxg4 1-0


[Site "https://www.chess.com"]

[Event "Titled Tuesday Blitz January 10 Early 2023"]
[White "Necula, Iulian"]
[Black "Degtiarev, Evgeny"]
[WhiteFideId "1232380"]
[BlackFideId "4149610"]
[WhiteElo "1851"]
[BlackElo "2385"]
[Result "0-1"]
[Round "03"]
[TimeControl "180+2"]
[Date "2023.01.10"]
[WhiteClock "0:00:26"]
[BlackClock "0:00:17"]

1. d4 d5 2. Nc3 c6 3. Bf4 Nf6 4. e3 Nbd7 5. Bd3 g6 6. f3 Bg7 7. g4 O-O 8. h4 e5 9. Bg5 exd4 10. exd4 Qb6 11. Nge2 Qxb2 12. Rb1 Qa3 13. Rb3 Qa5 14. Kf2 b5 15. a3 a6 16. Qd2 Qb6 17. h5 c5 18. dxc5 Nxc5 19. Be3 Nxb3 20. cxb3 d4 21. Nxd4 Nxg4+ 22. fxg4 Bxd4 23. hxg6 Bxe3+ 24. Qxe3 Qxe3+ 25. Kxe3 hxg6 26. Nd5 Kg7 27. g5 Bb7 28. Be4 Rfe8 29. Kd4 Rxe4+ 30. Kxe4 Re8+ 31. Kd4 Rd8 32. Rc1 Rxd5+ 33. Ke3 Rxg5 34. Rc7 Bd5 35. b4 Rf5 36. Kd4 Bc4 37. Rc6 Rf6 38. Rc5 Rd6+ 39. Ke3 Kf6 40. a4 g5 41. Ke4 Kg6 42. a5 Re6+ 43. Kf3 f5 44. Rc8 g4+ 45. Kg3 Kf6 46. Rf8+ Ke5 47. Ra8 Ke4 48. Kf2 f4 49. Rd8 g3+ 50. Ke1 Ke3 51. Rd2 f3 52. Kd1 Be2+ 53. Kc2 Rc6+ 0-1


[Site "https://www.chess.com"]

[Event "Titled Tuesday Blitz January 10 Early 2023"]
[White "Gjestemoen-VonHirsch, Andre"]
[Black "Joubert, Dantelle"]
[WhiteFideId "1539531"]
[BlackFideId "14310813"]
[WhiteElo "2314"]
[BlackElo "1566"]
[Result "0-1"]
[Round "03"]
[TimeControl "180+2"]
[Date "2023.01.10"]
[WhiteClock "0:00:01"]
[BlackClock "0:01:32"]

1. d4 d5 2. Bf4 Nf6 3. e3 c5 4. Nd2 Nc6 5. Ngf3 Bg4 6. c3 e6 7. h3 Bh5 8. Be2 Be7 9. g4 Bg6 10. Ne5 Nxe5 11. Bxe5 O-O 12. O-O Bd6 13. f4 Ne4 14. Rf3 Nxd2 15. Qxd2 Be4 16. Rg3 f6 17. Bxd6 Qxd6 18. Bf3 Bxf3 19. Rxf3 e5 20. fxe5 fxe5 21. Rxf8+ Rxf8 22. dxe5 Qxe5 23. Kg2 Qe4+ 24. Kg1 Qf3 25. Kh2 Qf2+ 26. Qxf2 Rxf2+ 27. Kg3 Rxb2 28. Rd1 Rxa2 29. Rxd5 b6 30. Rd8+ Kf7 31. Rd7+ Kf6 32. e4 Ra3 33. Kf4 Rxc3 34. g5+ Kg6 35. Rxa7 b5 36. Rb7 b4 37. Kg4 Rc4 38. Rb6+ Kf7 39. Kf5 g6+ 40. Ke5 Ke7 41. Rb7+ Kd8 42. Rxh7 b3 43. Rb7 Rb4 0-1


[Site "https://www.chess.com"]

[Event "Titled Tuesday Blitz January 10 Early 2023"]
[White "Boraso, Alessio"]
[Black "Selkirk, Rebecca"]
[WhiteFideId "848077"]
[BlackFideId "14306514"]
[WhiteElo "2316"]
[BlackElo "1656"]
[Result "1-0"]
[Round "03"]
[TimeControl "180+2"]
[Date "2023.01.10"]
[WhiteClock "0:00:05"]
[BlackClock "0:00:04"]

1. e4 c5 2. Nf3 e6 3. d4 cxd4 4. Nxd4 a6 5. c4 Qc7 6. Nc3 Nf6 7. Be3 b6 8. Bd3 Bb7 9. O-O d6 10. Rc1 Nbd7 11. b3 Be7 12. Qe2 O-O 13. Rfd1 Rac8 14. f4 Rfe8 15. f5 Bf8 16. Nd5 Qb8 17. fxe6 fxe6 18. Nc3 Ne5 19. Bg5 Nfd7 20. Rf1 Nc5 21. Bc2 Be7 22. Bf4 Ng6 23. Bg3 Bf6 24. Rxf6 gxf6 25. Rf1 Kg7 26. h4 Nd7 27. h5 Nge5 28. Nd1 b5 29. Ne3 bxc4 30. bxc4 Nxc4 31. Ng4 f5 32. exf5 e5 33. Ne6+ Kh8 34. Nh6 Re7 35. Bh4 1-0


[Site "https://www.chess.com"]

[Event "Titled Tuesday Blitz January 10 Early 2023"]
[White "Adam, Ernestina"]
[Black "Vifleemskaia, Svetlana"]
[WhiteFideId "165883"]
[BlackFideId "4129490"]
[WhiteElo "2040"]
[BlackElo "1971"]
[Result "0-1"]
[Round "03"]
[TimeControl "180+2"]
[Date "2023.01.10"]
[WhiteClock "0:00:01"]
[BlackClock "0:00:13"]

1. e4 e5 2. Nf3 Nc6 3. Bc4 Nf6 4. d3 Be7 5. c3 O-O 6. O-O a6 7. Bb3 d6 8. Re1 Bg4 9. Nbd2 Nh5 10. Nf1 Nf4 11. Bxf4 exf4 12. N1d2 Ne5 13. h3 Nxf3+ 14. Nxf3 Bh5 15. Qd2 Bxf3 16. gxf3 Bg5 17. Kh2 Bh6 18. Rg1 Kh8 19. d4 Qh4 20. Rg4 Qh5 21. Bc2 Rae8 22. Rag1 g6 23. d5 Re5 24. Qd4 Kg8 25. c4 b6 26. b3 Re7 27. Qf6 Qe5 28. Qh4 Bg7 29. Bd1 f5 30. exf5 Rxf5 31. Rg5 Bf6 32. Rxf5 Bxh4 33. Rxe5 Rxe5 34. Rg4 Bxf2 35. Rxf4 Re1 36. Bc2 Re2 37. Be4 Be3+ 38. Kg3 Bxf4+ 39. Kxf4 Rxa2 40. b4 Rb2 41. b5 Rd2 42. bxa6 Ra2 43. Kg5 Kf7 44. Kh6 Kg8 45. Kg5 Kg7 46. Kf4 Kf6 47. Ke3 Rxa6 48. Kd4 Ra3 49. h4 h6 50. Bc2 Ra2 51. Be4 Rh2 52. h5 Rxh5 53. Kc3 Rh3 54. Kb4 g5 55. Kb5 Ke7 56. Kc6 Kd8 57. Kb5 Rh2 58. Kb4 h5 59. Kc3 Rh3 60. Kd4 Rh4 61. Ke3 Ke7 62. Kf2 Kf6 63. Kg3 Ke5 64. Kg2 Rxe4 65. fxe4 Kxe4 0-1


[Site "https://www.chess.com"]

[Event "Titled Tuesday Blitz January 10 Early 2023"]
[White "Lutz, Igor Oscar"]
[Black "Vasques, Antonio Pedro Freixial"]
[WhiteFideId "2110806"]
[BlackFideId "1908332"]
[WhiteElo "1969"]
[BlackElo "2214"]
[Result "0-1"]
[Round "03"]
[TimeControl "180+2"]
[Date "2023.01.10"]
[WhiteClock "0:00:09"]
[BlackClock "0:01:32"]

1. d4 d6 2. c4 e5 3. d5 f5 4. Nc3 Nf6 5. Qc2 g6 6. e4 Bg7 7. Bd3 f4 8. Nf3 Bg4 9. Be2 O-O 10. h3 Bxf3 11. Bxf3 a5 12. h4 Na6 13. a3 c6 14. h5 g5 15. h6 Bh8 16. Bh5 cxd5 17. exd5 Rc8 18. Qf5 Qd7 19. Qxd7 Nxd7 20. Bg4 Rf7 21. Be6 Rxc4 22. Bd2 Nac5 23. Rh5 Bf6 24. g3 Nb3 25. Rd1 Ndc5 26. gxf4 exf4 27. Bxf7+ Kxf7 28. Kf1 Nxd2+ 29. Rxd2 Kg6 30. Rh1 Bxc3 31. bxc3 Rxc3 32. Re2 Rxa3 33. Re7 f3 34. Rg7+ Kf5 35. Kg1 Ne4 36. Rf7+ Nf6 37. Kh2 Kg6 38. Rxb7 Ra2 39. Kg3 g4 40. Re1 Kf5 41. Re6 Ne4+ 42. Kh4 Rxf2 43. Rxe4 Kxe4 44. Rf7 Rh2+ 45. Kxg4 f2 46. Kg3 Rxh6 47. Rxf2 Rg6+ 48. Kh4 Kxd5 49. Ra2 Kc4 50. Rxa5 d5 51. Ra4+ Kd3 52. Ra7 d4 53. Rxh7 Kd2 54. Rd7 d3 55. Kh5 Rg8 56. Kh4 Ke2 57. Re7+ Kd1 58. Rd7 d2 59. Kh5 Re8 60. Rd5 Ke1 61. Re5+ Rxe5+ 0-1


[Site "https://www.chess.com"]

[Event "Titled Tuesday Blitz January 10 Early 2023"]
[White "Fathy, Elameir"]
[Black "Cruz Gomez, Miguel Angel"]
[WhiteFideId "10600396"]
[BlackFideId "5137160"]
[WhiteElo "2300"]
[BlackElo "1950"]
[Result "1-0"]
[Round "03"]
[TimeControl "180+2"]
[Date "2023.01.10"]
[WhiteClock "0:01:01"]
[BlackClock "0:00:15"]

1. d4 d5 2. c4 e5 3. Nf3 e4 4. Nfd2 c6 5. e3 Nf6 6. Nc3 Bd6 7. f3 exf3 8. Qxf3 Bg4 9. Qf2 Be6 10. Be2 O-O 11. O-O Nbd7 12. e4 dxe4 13. Ndxe4 Nxe4 14. Nxe4 Bc7 15. Ng5 Qe7 16. Bf4 Bb6 17. Kh1 Bf5 18. c5 Bd8 19. Rae1 Bg6 20. Bc4 Qf6 21. Qd2 b6 22. b4 a5 23. a3 axb4 24. axb4 Ra3 25. Qc1 Ra7 1-0


[Site "https://www.chess.com"]

[Event "Titled Tuesday Blitz January 10 Early 2023"]
[White "Hoffmann, Asa"]
[Black "Mohammadian, Mohammad"]
[WhiteFideId "2001470"]
[BlackFideId "12566055"]
[WhiteElo "2185"]
[BlackElo "1398"]
[Result "1/2-1/2"]
[Round "03"]
[TimeControl "180+2"]
[Date "2023.01.10"]
[WhiteClock "0:00:41"]
[BlackClock "0:00:51"]

1. d4 Nf6 2. Bg5 g6 3. Nc3 d5 4. f3 Bg7 5. e4 dxe4 6. fxe4 Nc6 7. d5 Ne5 8. Qd2 c6 9. Nf3 Nxf3+ 10. gxf3 cxd5 11. Bb5+ Bd7 12. Bxd7+ Qxd7 13. e5 Nh5 14. Qxd5 Qxd5 15. Nxd5 O-O 16. Nxe7+ Kh8 17. O-O-O Rfe8 18. f4 f6 19. exf6 Bxf6 20. Bxf6+ Nxf6 21. Nd5 Nxd5 22. Rxd5 Re7 23. Rhd1 Rc8 24. Rd8+ Rxd8 25. Rxd8+ Kg7 26. Kd2 Kf6 27. Kd3 Kf5 28. Rf8+ Kg4 29. c4 Kh3 30. b4 Kxh2 31. f5 gxf5 32. Rxf5 Kg3 33. Rh5 Kg4 34. Rh6 Kg5 35. Rh1 h5 36. c5 h4 37. Kd4 Kg4 38. Kd5 Kg3 39. Kd6 Rf7 40. b5 h3 41. c6 bxc6 42. bxc6 Kg2 43. Rc1 h2 44. c7 Rf8 45. Kd7 Rf7+ 46. Kc6 Rf8 47. Kb7 h1=Q 48. Rxh1 Kxh1 49. c8=Q Rxc8 50. Kxc8 Kg2 51. a4 Kf3 52. a5 Ke4 53. Kb7 Kd5 54. Kxa7 Kc6 55. Ka6 Kc7 56. Ka7 Kc8 57. a6 Kc7 58. Ka8 Kc8 59. a7 Kc7 1/2-1/2


[Site "https://www.chess.com"]

[Event "Titled Tuesday Blitz January 10 Early 2023"]
[White "Muhammed , Zahid"]
[Black "Bagwe Gaurang"]
[WhiteFideId "7800967"]
[BlackFideId "45039895"]
[WhiteElo "2737"]
[BlackElo "1847"]
[Result "1-0"]
[Round "04"]
[TimeControl "180+1"]
[Date "2023.01.10"]
[WhiteClock "0:00:21"]
[BlackClock "0:00:02"]

1. d4 Nf6 2. Nc3 d5 3. Bf4 e6 4. Nb5 Na6 5. e3 c6 6. Nc3 Bd6 7. Nf3 Nc7 8. Ne5 O-O 9. g4 Ne4 10. Nxe4 dxe4 11. Bg3 f6 12. Nc4 Bxg3 13. hxg3 e5 14. c3 exd4 15. exd4 Nd5 16. Ne3 Nxe3 17. fxe3 Qd6 18. Bc4+ Kh8 19. Kf2 Be6 20. Bxe6 Qxe6 21. Qb3 Qxg4 22. Qd1 Qf5+ 23. Kg2 Rad8 24. Rh5 Qg6 25. Qh1 Rd5 26. Rh4 Rg5 27. Qh3 h6 28. Rf1 c5 29. dxc5 Rd8 30. Rf2 Rxc5 31. Rg4 Qh7 32. Rgf4 Rg5 33. Qh4 Re8 34. Rd2 Qg6 35. Rd4 f5 36. Rf2 Qf6 37. Qf4 Rf8 38. Rd7 Rg4 39. Qxg4 fxg4 40. Rxf6 Rxf6 41. Rxb7 Rd6 42. a4 Rd2+ 43. Kf1 Rd1+ 44. Ke2 Rb1 45. c4 a5 46. c5 Kh7 47. Kd2 Rf1 48. c6 Rf2+ 49. Kc3 Rf6 50. c7 Rc6+ 51. Kd4 h5 52. Rb5 h4 53. Rc5 Rd6+ 54. Ke5 hxg3 55. Kxd6 g2 56. Rc1 1-0


[Site "https://www.chess.com"]

[Event "Titled Tuesday Blitz January 10 Early 2023"]
[White "Dubov, Daniil"]
[Black "Svane, Frederik"]
[WhiteFideId "24126055"]
[BlackFideId "12923044"]
[WhiteElo "2708"]
[BlackElo "2600"]
[Result "1-0"]
[Round "04"]
[TimeControl "180+2"]
[Date "2023.01.10"]
[WhiteClock "0:02:08"]
[BlackClock "0:00:07"]

1. d4 Nf6 2. Nf3 e6 3. Bg5 c5 4. d5 exd5 5. Nc3 d4 6. Bxf6 Qxf6 7. Nd5 Qd8 8. e4 Be7 9. Bc4 O-O 10. O-O d6 11. c3 dxc3 12. bxc3 Nc6 13. Ne3 Be6 14. Rb1 Bxc4 15. Nxc4 Qc7 16. Ne3 Rfe8 17. Re1 Bf8 18. Nd5 Qd7 19. Nh4 Ne7 20. Nxe7+ Bxe7 21. Nf5 Bf6 22. Qxd6 Qxd6 23. Nxd6 Bxc3 24. Nxe8 Bxe1 25. Nc7 Rc8 26. Nd5 Bd2 27. Ne7+ Kf8 28. Nxc8 c4 29. Rxb7 1-0


[Site "https://www.chess.com"]